 Dungeon Crawl Stone Soup version 0.23-a0-650-ga4d50d4d25 (webtiles) character file.

1 LLavrengius the Digger (level 1, 0/10 HPs)
             Began as a Gargoyle Earth Elementalist on Jan 4, 2019.
             Slain by a hobgoblin
             ... wielding a +0 club
              (4 damage)
             ... on level 1 of the Dungeon.
             The game lasted 00:00:26 (161 turns).

LLavrengius the Digger (Gargoyle Earth Elementalist) Turns: 161, Time: 00:00:26

Health: 0/10       AC:  4    Str: 11    XL:     1   Next: 20%
Magic:  1/3        EV: 12    Int: 15    God:
Gold:   12         SH:  0    Dex: 10    Spells: 3/4 levels left

rFire    . . .     SeeInvis .   (no weapon)
rCold    . . .     Gourm    .   (no shield)
rNeg     + . .     Faith    .   c - +0 robe
rPois    ∞         Spirit   .   (no helmet)
rElec    +         Reflect  .   (no cloak)
rCorr    .         Harm     .   (no gloves)
MR       .....                  (no boots)
Stlth    ++........             (no amulet)
HPRegen  0.03/turn              (no ring)
MPRegen  0.08/turn              (no ring)

@: very slightly contaminated
A: negative energy resistance 1, electricity resistance, unbreathing,
petrification resistance, rot immunity, AC +2
a: no special abilities


You were on level 1 of the Dungeon.
You were not hungry.

You visited 1 branch of the dungeon, and saw 1 of its levels.

You collected 12 gold pieces.

Inventory:

Missiles
 b - 28 stones (quivered)
Armour
 c - a +0 robe (worn)
Jewellery
 e - an uncursed ring of positive energy {unknown}
Scrolls
 a - a scroll of identify {unknown}
Potions
 f - a potion of ambrosia {unknown}
Comestibles
 d - a ration


   Skills:
 + Level 1.5 Dodging
 + Level 2.1 Stealth
 + Level 2.1 Spellcasting
   Level 0.7 Transmutations
 + Level 3.6 Earth Magic


You had 3 spell levels left.
You knew the following spells:

 Your Spells              Type           Power        Failure   Level  Hunger
a - Sandblast             Erth           ##....       4%          1    #......

Your spell library contained the following spells:

 Spells                   Type           Power        Failure   Level  Hunger
 Passwall                 Tmut/Erth      #.......     14%         2    ###....
 Stone Arrow              Conj/Erth      #.....       30%         3    ###....
 Petrify                  Tmut/Erth      #.......     65%         4    #####..
 Lee's Rapid Deconstruct  Erth           ##........   80%         5    ######.


Dungeon Overview and Level Annotations

Branches:
Dungeon (1/15)

Altars:


Innate Abilities, Weirdness & Mutations

You are resistant to torment.
Your stone body is resilient. (AC +2)
You are immune to poison.
You resist negative energy. (rN+)
You are resistant to electric shocks. (rElec)
You can survive without breathing.
You are immune to petrification.
You are immune to rotting.


Message History

The hobgoblin hits you but does no damage.
The leopard gecko misses you.
You miss the leopard gecko.
The leopard gecko is moderately wounded.
The leopard gecko closely misses you. The hobgoblin closely misses you.
You barely miss the leopard gecko.
The leopard gecko is moderately wounded.
The leopard gecko completely misses you.
The hobgoblin barely misses you.
You hit the leopard gecko.
The leopard gecko is heavily wounded.
The leopard gecko misses you.
You closely miss the leopard gecko.
The leopard gecko is heavily wounded.
The leopard gecko barely misses you. The hobgoblin closely misses you.
The leopard gecko misses you.
You hit the leopard gecko.
The leopard gecko is severely wounded.
The hobgoblin hits you with a +0 club.
You die...

..( ..g# #..#
...# #..####
#.....
######..#
#..l@g..#
#.####.#######
#............#
#######.#####..
.........####.#
#######......#
#..####.# #..#
#..#


You could see a leopard gecko and a hobgoblin.

Vanquished Creatures
  A goblin (D:1)
1 creature vanquished.

Notes
Turn   | Place    | Note
-------+----------+-------------------------------------------
     0 | D:1      | LLavrengius the Gargoyle Earth Elementalist began the quest
                  | for the Orb.
     0 | D:1      | Reached XP level 1. HP: 10/10 MP: 3/3
   161 | D:1      | Slain by a hobgoblin

Vault maps used:
D:1:      eino_arrival_cavern_a, minivault_24, hangedman_glass_teeth,
          xom_teletrap_fun

Action                   || total
-------------------------++-------
Melee: Unarmed           ||    17
 Cast: Sandblast         ||     2
Armor: Robe              ||     6
Dodge: Dodged            ||    20

Table legend:
 A = Non-vault XP
 B = Vault XP
 C = Vault XP percentage of total XP
 D = Non-vault monster count
 E = Vault monster count
 F = Vault count percentage of total count
                 A         B        C        D         E       F
            +---------+---------+-------+---------+---------+-------
      Total |       2 |       0 |   0.0 |       1 |       0 |   0.0
            +---------+---------+-------+---------+---------+-------
        D:1 |       2 |       0 |   0.0 |       1 |       0 |   0.0
            +---------+---------+-------+---------+---------+-------
